 Dungeon Crawl Stone Soup version 0.29-a0-474-gdfe5cd140f (webtiles) character file.

Game seed: 9295264459787744945

48 Infinimo the Skirmisher (level 3, -1/29 HPs)
             Began as a Demonspawn Fighter on May 24, 2022.
             Slain by a gnoll
             ... wielding a +0 whip
              (2 damage)
             ... on level 2 of the Dungeon.
             The game lasted 00:01:49 (1620 turns).

Infinimo the Skirmisher (Demonspawn Fighter)        Turns: 1620, Time: 00:01:49

Health: -1/29      AC:  5    Str: 18    XL:     3   Next: 50%
Magic:  3/3        EV: 10    Int:  9    God:
Gold:   65         SH:  4    Dex: 12    Spells: 2/2 levels left

rFire   + . .      SeeInvis .   a - +0 flail
rCold   . . .      Faith    .   c - +0 buckler
rNeg    . . .      Spirit   .   m - +2 leather armour {rF+}
rPois   .          Reflect  .   (no helmet)
rElec   .          Harm     .   (no cloak)
rCorr   .          Rampage  .   (no gloves)
Will    .....                   (no boots)
Stlth   +.........              (no amulet)
HPRegen 0.09/turn               (no ring)
MPRegen 0.08/turn               (no ring)

@: no status effects
A: demonic touch 2
a: no special abilities


You were on level 2 of the Dungeon.
You visited 1 branch of the dungeon, and saw 2 of its levels.

You collected 65 gold pieces.

Inventory:

Hand Weapons
 a - a +0 flail (weapon)
Armour
 c - a +0 buckler (worn)
 m - a +2 leather armour of fire resistance (worn)
Jewellery
 j - a ring of ice
 l - an amulet of faith
Scrolls
 f - 2 scrolls of magic mapping {unknown}
 h - a scroll of immolation {unknown}
 i - 2 scrolls of identify {unknown}
Potions
 b - a potion of mutation {unknown}
 d - a potion of might
 e - a potion of magic {unknown}
 g - a potion of lignification {unknown}
 k - a potion of ambrosia {unknown}
 n - a potion of heal wounds {unknown}


   Skills:
 + Level 3.4 Fighting
 * Level 2.6 Maces & Flails
 - Level 3.0 Armour
 + Level 3.0 Shields


You had 2 spell levels left.
You didn't know any spells.
Your spell library was empty.

Dungeon Overview and Level Annotations

Branches:
Dungeon (2/15)

Altars:


Innate Abilities, Weirdness & Mutations

Your touch may inflict irresistible damage on your foes.


Message History

A gnoll comes into view. It is wielding a +0 whip.
The gnoll shouts!
The gnoll moves out of view.
An adder and a gnoll come into view.
The adder hisses angrily.
The gnoll shouts!
A gnoll comes into view. It is wielding a +0 spear.
There are monsters nearby!
The gnoll shouts!
You hear a bark!
The gnoll hits you with a +0 whip!
You sock the gnoll!
The gnoll is severely wounded.
You block the gnoll's attack. x2
The gnoll is severely wounded.
You block the adder's attack.
The gnoll hits you from afar with a +0 spear.
The gnoll is severely wounded.
You block the adder's attack. The gnoll hits you with a +0 whip. x2
The gnoll hits you from afar with a +0 spear!
* * * LOW HITPOINT WARNING * * *
You are too injured to fight recklessly!
You are too injured to fight recklessly!
You are too injured to fight recklessly!
You are too injured to fight recklessly!
You are too injured to fight recklessly!
You are too injured to fight recklessly!
You are too injured to fight recklessly!
You are too injured to fight recklessly!
You are too injured to fight recklessly!
You are too injured to fight recklessly!
You are too injured to fight recklessly!
You are too injured to fight recklessly!
You are too injured to fight recklessly!
You are too injured to fight recklessly!
You are too injured to fight recklessly!
You are too injured to fight recklessly!
You are too injured to fight recklessly!
The gnoll hits you with a +0 whip.
* * * LOW HITPOINT WARNING * * *
The gnoll hits you with a +0 whip.
You die...

###.## ..... #.
#...# ...#...#
.######g##...#
........##g..###..
#.......#.S.....P
#<......#@g#
.#.......#g.#
............#
.#####..###.#
............#
..#####.##### #.#
#.# #
###.#######(# #.#
#.##...........#
#.#


You could see 3 gnolls and an adder.

Vanquished Creatures
  A worm (D:2)
  5 endoplasms
  A giant cockroach (D:1)
  2 goblins (D:1)
  6 hobgoblins
  8 jackals (D:1)
  3 quokkas
  A bat (D:1)
  A frilled lizard (D:1)
  7 kobolds (D:1)
  2 rats (D:1)
37 creatures vanquished.

Notes
Turn   | Place    | Note
-------+----------+-------------------------------------------
     0 | D:1      | Infinimo the Demonspawn Fighter began the quest for the
                  | Orb.
     0 | D:1      | Reached XP level 1. HP: 18/18 MP: 1/1
   132 | D:1      | Gained mutation: Your touch may inflict minor irresistible
                  | damage on your foes. [demonic ancestry]
   132 | D:1      | Reached XP level 2. HP: 19/24 MP: 2/2
   541 | D:1      | Gained mutation: Your touch may inflict irresistible damage
                  | on your foes. [demonic ancestry]
   541 | D:1      | Reached XP level 3. HP: 29/29 MP: 3/3
  1620 | D:2      | HP: 1/29 [gnoll/+0 whip (3)]
  1620 | D:2      | Slain by a gnoll

Illustrated notes

Levels and vault maps discovered:
D:1:      dpeg_arrival_tiny_a, layout_basic
D:2:      layout_basic, dreamdust_ecumenical_altar_angels_and_demons,
          guppyfry_early_lair_pool, uniq_terence, uniq_robin

Skill      XL: |  1  2  3 |
---------------+----------+-----
Maces & Flails | 2 |  2.6
Shields        | 3 |  3.0
Armour         | 3 |  3.0
Fighting       | |  3.4

Action                   || total
-------------------------++-------
Melee: Flail             ||   118
Armor: Scale mail        ||    41
       Leather armour    ||     9
Dodge: Dodged            ||    57
Block: Buckler           ||    31

Table legend: (Time is in decaauts)
 A = Elapsed time spent in this place.
 B = Non-inter-level travel time spent in this place.
 C = Inter-level travel time spent in this place.
 D = Time resting spent in this place.
 E = Time spent auto-exploring this place.
 F = Levels seen in this place.
 G = Mean time per level.
                   A        B        C        D        E       F      G
               +--------+--------+--------+--------+--------+-----+--------+
         Total |   1657 |   1620 |     37 |      0 |   1377 |   2 |  828.5 |
       Dungeon |   1657 |   1620 |     37 |      0 |   1377 |   2 |  828.5 |
               +--------+--------+--------+--------+--------+-----+--------+

Top non-repeatable levels by time:
     D:1: 1274 daAuts
     D:2: 383 daAuts
